 Dungeon Crawl Stone Soup version 0.27-a0-604-g29a88b33a7 (webtiles) character file.

Game seed: 16625690014513722388

35 sahdkjhfkaj the Skirmisher (level 3, -6/31 HPs)
             Began as a Minotaur Enchanter on Mar 13, 2021.
             Killed by divine providence
             ... invoked by an orc priest
              (10 damage)
             ... on level 2 of the Dungeon.
             The game lasted 00:01:05 (2140 turns).

sahdkjhfkaj the Skirmisher (Minotaur Enchanter)     Turns: 2140, Time: 00:01:05

Health: -6/31      AC:  3    Str: 13    XL:     3   Next: 16%
Magic:  4/4        EV: 11    Int: 12    God:
Gold:   54         SH:  0    Dex: 10    Spells: 3/4 levels left

rFire    . . .     SeeInvis .   a - +1 dagger
rCold    . . .     Faith    .   (no shield)
rNeg     . . .     Spirit   .   e - +0 leather armour
rPois    .         Reflect  .   (helmet restricted)
rElec    .         Harm     .   (no cloak)
rCorr    .         Rampage  .   (no gloves)
Will     .....                  (no boots)
Stlth    ++........             (no amulet)
HPRegen  0.10/turn              (no ring)
MPRegen  0.09/turn              (no ring)

@: no status effects
A: horns 2, retaliatory headbutt
a: no special abilities


You were on level 2 of the Dungeon.
You visited 1 branch of the dungeon, and saw 2 of its levels.

You collected 54 gold pieces.

Inventory:

Hand Weapons
 a - a +1 dagger (weapon)
Armour
 e - a +0 leather armour (worn)
Scrolls
 b - a scroll of magic mapping {unknown}
 c - a scroll of amnesia {unknown}
 f - a scroll of teleportation {unknown}
 g - a scroll of noise {unknown}
 i - 2 scrolls of identify {unknown}
Potions
 d - a potion of haste {unknown}
 h - a potion of lignification {unknown}
 j - a potion of magic {unknown}
 k - a potion of berserk rage {unknown}
 l - a potion of curing {unknown}
 m - a potion of brilliance {unknown}


   Skills:
 + Level 3.5 Fighting
 - Level 1.1 Short Blades
 - Level 2.1 Dodging
 - Level 2.4 Stealth
 - Level 1.3 Spellcasting
 - Level 2.0 Hexes


You had 3 spell levels left.
You knew the following spells:

 Your Spells              Type           Power      Damage    Failure   Level
a - Corona                Hex            5%         N/A       16%         1

Your spell library contained the following spells:

 Spells                   Type           Power      Damage    Failure   Level
 Ensorcelled Hibernation  Hex/Ice        6%         N/A       36%         2
 Confusing Touch          Hex            5%         N/A       43%         3
 Tukima's Dance           Hex            5%         N/A       43%         3
 Dazzling Flash           Conj/Hex       6%         N/A       58%         3


Dungeon Overview and Level Annotations

Branches:
Dungeon (2/15)

Altars:


Innate Abilities, Weirdness & Mutations

You have a pair of horns on your head.
You reflexively headbutt those who attack you in melee.


Message History

The orc shouts!
You hear a shout!
An orc is nearby!
An orc comes into view. It is wielding a +0 flail.
An orc comes into view. It is wielding a +0 mace.
The orc moves out of view.
There are monsters nearby!
There are monsters nearby!
An orc priest comes into view. It is wielding a +2 mace of protection.
The orc priest shouts!
The orc shouts!
An orc comes into view.
The orc priest invokes the aid of Beogh against you.
Beogh smites you!
The orc drinks a potion.
The orc seems to grow stronger.
The orc shouts!
You hit the orc. You headbutt the orc.
The orc is heavily wounded.
The orc hits you with a +0 dagger.
You are too injured to fight recklessly!
You are too injured to fight recklessly!
You are too injured to fight recklessly!
You are too injured to fight recklessly!
You are too injured to fight recklessly!
You are too injured to fight recklessly!
You are too injured to fight recklessly!
You are too injured to fight recklessly!
You are too injured to fight recklessly!
You are too injured to fight recklessly!
You are too injured to fight recklessly!
You are too injured to fight recklessly!
You are too injured to fight recklessly!
You are too injured to fight recklessly!
You are too injured to fight recklessly!
You are too injured to fight recklessly!
You are too injured to fight recklessly!
The orc priest mumbles some strange prayers to Beogh against you.
Beogh smites you!
* * * LOW HITPOINT WARNING * * *
The orc priest mumbles some strange prayers to Beogh against you.
Beogh smites you!
You die...

........#.###...#.# ##...#
.....†............###..###
.....#..##.##.###.......#######
......#.##..#.# #....##.......#
..##.....##.#.# ##...##.......#
..............###...###.......#
.....#.#......................#
.........#......#..####.......#
.........#......@.## #.......#
................o.# #########
...#.#...........###
.....#...>.........#
.........o.#.# ##.....o...#.#
.....oo.. . ......... ..
.......... ..


You could see an orc priest and 4 orcs.

Vanquished Creatures
  A worm (D:2)
  A dart slug (D:2)
  2 leopard geckos (D:1)
  A ball python (D:2)
  A giant cockroach (D:1)
  6 goblins
  2 hobgoblins (D:1)
  5 bats
  A frilled lizard (D:1)
  3 kobolds (D:1)
  6 rats (D:1)
29 creatures vanquished.

Notes
Turn   | Place    | Note
-------+----------+-------------------------------------------
     0 | D:1      | sahdkjhfkaj the Minotaur Enchanter began the quest for the
                  | Orb.
     0 | D:1      | Reached XP level 1. HP: 14/14 MP: 1/1
   300 | D:1      | Reached skill level 1 in Fighting
   603 | D:1      | Reached skill level 2 in Fighting
   603 | D:1      | Reached XP level 2. HP: 24/24 MP: 3/3
   939 | D:1      | Reached skill level 3 in Fighting
  1963 | D:2      | Reached XP level 3. HP: 28/31 MP: 4/4
  2140 | D:2      | Killed from afar by an orc priest

Illustrated notes

Levels and vault maps discovered:
D:1:      lightli_arrival_farm, layout_loops_ring, serial_co_window_serial,
          co_window_of_opportunity_a, co_window_of_opportunity_a,
          co_window_corner_a, co_window_corner_a, co_window_corner_a,
          co_window_paths_a, co_window_2corner, co_window_unsneaky_path_e,
          co_window_unsneaky_path_a, co_window_broadway_a, glass_columns_b,
          glass_columns_a, minmay_misc_feat_enclosed, minmay_pentomino_o4
D:2:      layout_rooms, grunt_gozag_breadcrumbs

Skill      XL: |  1  2 |
---------------+-------+-----
Fighting       | 2 3 |  3.5
Short Blades   | |  1.1
Dodging        | |  2.1
Stealth        | |  2.4
Spellcasting   | |  1.3
Hexes          | |  2.0

Action                   || total
-------------------------++-------
Melee: Dagger            ||    83
       Headbutt          ||     8
 Cast: Corona            ||     1
 Stab: Sleeping          ||     3
Armor: Leather armour    ||    19
       Robe              ||     1
Dodge: Dodged            ||    32

Table legend: (Time is in decaauts)
 A = Elapsed time spent in this place.
 B = Non-inter-level travel time spent in this place.
 C = Inter-level travel time spent in this place.
 D = Time resting spent in this place.
 E = Time spent auto-exploring this place.
 F = Levels seen in this place.
 G = Mean time per level.
                   A        B        C        D        E       F      G
               +--------+--------+--------+--------+--------+-----+--------+
         Total |   2164 |   2133 |     31 |      0 |   1896 |   2 | 1082.0 |
       Dungeon |   2164 |   2133 |     31 |      0 |   1896 |   2 | 1082.0 |
               +--------+--------+--------+--------+--------+-----+--------+

Top non-repeatable levels by time:
     D:1: 1842 daAuts
     D:2: 321 daAuts
